 Dungeon Crawl Stone Soup version 0.26-a0-665-gefeb406119 (webtiles) character file.

Game seed: 10656556820027177628

7644 mg7810 the Cleaver (level 10, 0/84 HPs)
             Began as a Minotaur Monk on Oct 13, 2020.
             Was an Elder of the Shining One.
             Slain by a +1 quarterstaff of chaos (14 damage)
             ... on level 9 of the Dungeon on Oct 14, 2020.
             The game lasted 00:30:32 (9327 turns).

mg7810 the Cleaver (Minotaur Monk)                  Turns: 9327, Time: 00:30:33

Health: 0/84       AC: 16    Str: 26    XL:     10   Next: 99%
Magic:  12/12      EV: 14    Int: 10    God:    the Shining One [****..]
Gold:   259        SH:  5    Dex: 12    Spells: 9/9 levels left

rFire    x . .     SeeInvis .   C - +1 broad axe (elec)
rCold    . . .     Faith    .   (no shield)
rNeg     + + .     Spirit   .   r - +0 plate armour
rPois    +         Reflect  +   (helmet restricted)
rElec    .         Harm     .   u - +0 cloak
rCorr    .         Rampage  .   (no gloves)
MR       .....                  x - +0 pair of boots
Stlth    ..........             F - amulet of reflection
HPRegen  0.24/turn              A - ring of poison resistance
MPRegen  0.13/turn              v - ring "Ishuock" {+Blink rF- Str+6 Int+3}

@: agile, lethally poisoned (0 -> -10), stab, glowing, lightly drained
A: retaliatory headbutt, horns 2
a: Divine Shield, Cleansing Flame, Renounce Religion, Evoke Blink


You were on level 9 of the Dungeon.
You worshipped the Shining One.
The Shining One was greatly pleased with you.
You visited 2 branches of the dungeon, and saw 10 of its levels.
You visited the Abyss 1 time.
You also visited: Bailey.

You collected 515 gold pieces.
You spent 256 gold pieces at shops.

Inventory:

Hand Weapons
 j - the +1 dagger of the Living Dead {pain, MR- Int+4 Dex+2, unknown}
   (You found it on level 8 of the Dungeon)

   In the hands of one skilled in necromantic magic, it inflicts extra damage on
   living creatures.
   It affects your intelligence (+4).
   It affects your dexterity (+2).
   It affects your resistance to hostile enchantments.
   The Shining One disapproves of the use of such an item.
 C - a +1 broad axe of electrocution (weapon)
Missiles
 d - 269 bolts
 i - 69 poisoned darts (quivered)
Armour
 r - a +0 plate armour (worn)
 u - a +0 cloak (worn)
 x - a +0 pair of boots (worn)
Jewellery
 a - an uncursed ring of fire
 b - an uncursed ring of positive energy {unknown}
 v - the ring "Ishuock" (right hand) {+Blink rF- Str+6 Int+3}
   (You bought it in a shop on level 7 of the Dungeon)

   [ring of strength]

   It affects your strength (+6).
   It affects your intelligence (+3).
   It makes you vulnerable to fire.
   It lets you blink.
 A - a ring of poison resistance (left hand)
 F - an amulet of reflection (around neck)
Wands
 s - a wand of iceblast (10)
 t - a wand of flame (33)
 D - a wand of acid (11)
Scrolls
 c - a scroll of teleportation
 e - a scroll of amnesia
 g - 2 scrolls of remove curse
 h - 2 scrolls of immolation
 k - a scroll of torment {unknown}
 l - a scroll of fog
 o - 4 scrolls of enchant weapon
 p - 3 scrolls of fear
Potions
 f - 3 potions of magic
 m - 3 potions of curing
 n - a potion of might {unknown}
 E - a potion of flight


   Skills:
 + Level 6.3(6.2) Fighting
 - Level 6.2 Short Blades
 * Level 10.0(9.9) Axes
 * Level 5.3 Throwing
 * Level 8.2(8.1) Armour
 + Level 4.3(4.2) Dodging
 - Level 2.0(1.9) Stealth
 * Level 6.1 Unarmed Combat
 * Level 4.4(4.3) Invocations
 * Level 5.0(4.9) Evocations


You had 9 spell levels left.
You didn't know any spells.
Your spell library contained the following spells:

 Spells                   Type           Power        Failure   Level
 Corona                   Hex            #......      99%         1
 Magic Dart               Conj           #...         99%         1
 Summon Small Mammal      Summ           #...         99%         1
 Blink                    Tloc           N/A          99%         2
 Call Imp                 Summ           #.......     99%         2
 Slow                     Hex            #.......     99%         2
 Call Canine Familiar     Summ           #.......     100%        3
 Conjure Flame            Conj/Fire      #.......     100%        3
 Inner Flame              Hex/Fire       #.......     100%        3
 Mephitic Cloud           Conj/Pois/Air  #.......     100%        3
 Portal Projectile        Hex/Tloc       #.....       100%        3
 Summon Guardian Golem    Hex/Summ       #.......     100%        3
 Cause Fear               Hex            #.........   100%        4
 Leda's Liquefaction      Hex/Erth       #.........   100%        4
 Summon Ice Beast         Ice/Summ       #.......     100%        4
 Summon Lightning Spire   Summ/Air       #.......     100%        4


Dungeon Overview and Level Annotations

Branches:
Dungeon (9/15)             Temple (1/1) D:7          Bailey (visited)
   Lair: D:8-11         Orc: D:9-12

Altars:
Ashenzari
Cheibriados
Dithmenos
Elyvilon
Fedhas
Gozag
Hepliaklqana
Kikubaaqudgha
Makhleb
Nemelex Xobeh
Okawaru
Qazlal
Ru
Sif Muna
Trog
Uskayaw
Vehumet
Wu Jian
Xom
Yredelemnul
Zin
The Shining One

Shops:
D:6 (   D:7 *?}=

Annotations:
D:9 jasper's ghost, journeyman VSBe


Innate Abilities, Weirdness & Mutations

You reflexively headbutt those who attack you in melee.
You have a pair of horns on your head.


Message History

* * * LOW HITPOINT WARNING * * *
It was a potion of stabbing.
You feel ready to backstab.
The +1 quarterstaff of chaos hits you but does no damage.
You closely miss the +1 quarterstaff of chaos.
Your headbutt misses the +1 quarterstaff of chaos.
The +1 quarterstaff of chaos is moderately damaged.
The +1 quarterstaff of chaos hits you but does no damage.
The +1 quarterstaff of chaos hits you.
* * * LOW HITPOINT WARNING * * *
The +1 quarterstaff of chaos burns you.
* * * LOW HITPOINT WARNING * * *
You hit the +1 quarterstaff of chaos but do no damage.
Your headbutt misses the +1 quarterstaff of chaos.
The +1 quarterstaff of chaos is moderately damaged.
The +1 quarterstaff of chaos hits you.
* * * LOW HITPOINT WARNING * * *
You are poisoned.
The +1 quarterstaff of chaos hits you!
You die...

.....#...###.#.#
##########....#.###
##.##........
#$_.#.###.##.
###'##...#.#
#..........#
##W.#..#####
#(##.....
#@##...### #.##...#
#.##..># .....#.#
.#.##.#.# #.#.# .
#.# [. #.. .. ###


You could see a +1 quarterstaff of chaos and jasper's ghost.

Vanquished Creatures
  Erica (D:8)
  The ghost of halkony2012 the Frost Mage, a novice DrIE of Nemelex Xobeh (D:8)
  Pikel (D:9)
  The ghost of Gamer54 the Stinger, a novice DrVM (D:7)
  An orc knight (Bailey)
  4 yaks (D:8)
  A wyvern (D:8)
  2 steam dragons (D:6)
  11 orc warriors
  2 sky beasts
  4 ice beasts (D:8)
  A phantom (D:4)
  7 ogres
  3 centaurs
  A big kobold (D:8)
  A gnoll sergeant (D:8)
  3 bullfrogs
  3 scorpions
  2 howler monkeys
  A centaur zombie (D:6)
  A jelly (D:7)
  A bullfrog zombie (D:7)
  2 hounds
  3 orc priests
  Crazy Yiuf (D:3)
  A bullfrog skeleton (D:6)
  4 centaur skeletons
  An iguana (D:6)
  8 orc wizards
  3 worker ants
  A hound skeleton (D:3)
  A worker ant zombie (D:5)
  9 adders
  14 gnolls
  A hound simulacrum (D:8)
  2 shadow imps
  3 white imps (D:8)
  4 oozes
  2 adder zombies
  2 adder skeletons (D:5)
  3 worms
  2 dart slugs
  2 adder simulacra (D:8)
  4 leopard geckos
  45 orcs
  8 bats
  5 giant cockroaches
  10 goblins
  4 hobgoblins
  5 jackals
  2 quokkas
  4 ball pythons
  A ball python skeleton (D:4)
  8 frilled lizards
  A jackal zombie (D:7)
  17 kobolds
  A leopard gecko skeleton (D:4)
  10 rats
247 creatures vanquished.

Vanquished Creatures (others)
  A centaur skeleton (D:7)
  A leopard gecko (D:2)
  A frilled lizard (D:2)
  2 kobolds (D:8)
5 creatures vanquished.

Grand Total: 252 creatures vanquished

Notes
Turn   | Place    | Note
-------+----------+-------------------------------------------
     0 | D:1      | mg7810 the Minotaur Monk began the quest for the Orb.
     0 | D:1      | Reached XP level 1. HP: 19/19 MP: 0/0
   159 | D:1      | Reached XP level 2. HP: 24/27 MP: 1/1
   981 | D:2      | Reached XP level 3. HP: 33/33 MP: 2/2
  1205 | D:2      | Reached XP level 4. HP: 32/40 MP: 3/3
  1420 | D:2      | Reached skill level 1 in Armour
  1446 | D:2      | Found a glowing golden altar of the Shining One.
  1449 | D:2      | Noticed an angel
  1457 | D:2      | Became a worshipper of the Shining One
  1457 | D:2      | Reached * piety under the Shining One
  1457 | D:2      | Reached ** piety under the Shining One
  1473 | D:2      | Found a basalt altar of Yredelemnul.
  1475 | D:2      | Noticed a profane servitor
  1537 | D:2      | Reached skill level 1 in Short Blades
  1864 | D:3      | Reached skill level 1 in Throwing
  1876 | D:3      | Noticed a sky beast
  1892 | D:3      | Reached XP level 5. HP: 46/47 MP: 4/4
  1894 | D:3      | Killed a sky beast
  2021 | D:3      | Reached XP level 6. HP: 47/53 MP: 5/5
  2317 | D:3      | Found a runed translucent door.
  2318 | D:3      | Noticed Crazy Yiuf
  2461 | D:3      | Killed Crazy Yiuf
  2520 | D:4      | Reached skill level 1 in Invocations
  2520 | D:4      | Reached XP level 7. HP: 54/60 MP: 6/6
  2576 | D:4      | Reached skill level 1 in Evocations
  2841 | D:4      | Reached *** piety under the Shining One
  2942 | D:4      | Found a radiant altar of Vehumet.
  3253 | D:5      | Entered Level 5 of the Dungeon
  3300 | D:5      | Reached skill level 5 in Short Blades
  3323 | D:5      | Reached XP level 8. HP: 61/67 MP: 8/8
  3457 | D:5      | Reached skill level 5 in Fighting
  3564 | D:5      | Found a hazy altar of Hepliaklqana.
  3741 | D:6      | Found a white marble altar of Elyvilon.
  3817 | D:6      | Reached skill level 5 in Armour
  3914 | D:6      | Found Jeeqin's Weapon Emporium.
  3927 | D:6      | Bought a +0 broad axe of electrocution for 156 gold pieces
  4013 | D:6      | Reached skill level 1 in Axes
  4091 | D:6      | Found a snail-covered altar of Cheibriados.
  4185 | D:6      | Reached skill level 2 in Axes
  4419 | D:6      | Found a hide-covered altar of Uskayaw.
  4419 | D:6      | Found a sacrificial altar of Ru.
  4469 | D:6      | Reached XP level 9. HP: 69/74 MP: 10/10
  4498 | D:6      | Found a sparkling altar of Nemelex Xobeh.
  4680 | D:7      | Found Huena's Gadget Shoppe.
  4680 | D:7      | Found a stormy altar of Qazlal.
  4714 | D:7      | Reached skill level 3 in Axes
  4715 | D:7      | Found Nutukk's Jewellery Shop.
  4727 | D:7      | Found a flagged portal.
  4741 | Bailey   | Entered a bailey
  4960 | Bailey   | Reached skill level 5 in Unarmed Combat
  5108 | Bailey   | Reached skill level 4 in Axes
  5909 | Bailey   | Noticed an orc knight
  5912 | Bailey   | Reached skill level 5 in Axes
  5916 | Bailey   | Killed an orc knight
  5916 | Bailey   | Reached skill level 6 in Axes
  6583 | D:7      | Found a runed translucent door.
  6583 | D:7      | Noticed Gamer54's ghost (novice DrVM)
  6593 | D:7      | Killed Gamer54's ghost
  6593 | D:7      | Reached skill level 7 in Axes
  6593 | D:7      | Reached XP level 10. HP: 56/83 MP: 11/11
  6811 | D:7      | Found Vatwalyh's Assorted Antiques.
  6817 | D:7      | Bought a smoking granite ring for 100 gold pieces
  6817 | D:7      | Identified the ring "Ishuock" {+Blink rF- Str+6 Int+3} (You
                  | bought it in a shop on level 7 of the Dungeon)
  7183 | D:7      | Found Myela's Magic Scroll Shoppe.
  7266 | D:7      | Found a staircase to the Ecumenical Temple.
  7593 | Temple   | Entered the Ecumenical Temple
  7767 | D:8      | Reached **** piety under the Shining One
  7884 | D:8      | Found a runed translucent gate.
  7884 | D:8      | Found a runed translucent gate.
  7884 | D:8      | Found a runed translucent gate.
  8045 | D:8      | Noticed halkony2012's ghost (novice DrIE)
  8051 | D:8      | Reached skill level 8 in Axes
  8057 | D:8      | Killed halkony2012's ghost
  8343 | D:8      | Reached skill level 5 in Throwing
  8344 | D:8      | Reached skill level 9 in Axes
  8474 | D:8      | Found a broken altar of Ashenzari.
  8562 | D:8      | Got a glimmering dagger
  8694 | D:8      | Noticed Erica
  8705 | D:8      | Killed Erica
  9192 | D:9      | Noticed Pikel
  9213 | D:9      | Killed Pikel
  9213 | D:9      | Reached skill level 10 in Axes
  9213 | D:9      | Reached skill level 5 in Evocations
  9285 | D:9      | Found a runed translucent door.
  9285 | D:9      | Found a shimmering altar of Xom.
  9285 | D:9      | Noticed a +1 quarterstaff of chaos
  9285 | D:9      | Noticed jasper's ghost (journeyman VSBe)
  9301 | D:9      | Cast into level 2 of the Abyss (+1 quarterstaff of chaos)
  9321 | D:9      | Escaped the Abyss
  9327 | D:9      | Slain by a +1 quarterstaff of chaos

Illustrated notes

Levels and vault maps discovered:
D:1:      dpeg_arrival_long_road, layout_loops_ring, minivault_24,
          minmay_tromino_mix6
D:2:      layout_rooms, grunt_temple_overflow_holy_war, minmay_split_cup_large
D:3:      layout_rooms, uniq_crazy_yiuf_cottage
D:4:      layout_loops_ring, kennysheep_little_box,
          minmay_fractal_squares_diagonal_5
D:5:      layout_rooms, kennysheep_mini
D:6:      cheibrodos_steamvent, layout_cave_pods, grunt_temple_overflow_open,
          nemelex_xobeh_ov_fountains_minmay, basic_altar, serial_shops,
          nicolae_shop_competitors_out_of_business
D:7:      layout_basic, grunt_qazlal_clouds, lemuel_temple_firewalk_a,
          ebering_ghost_reflecting_pool, serial_shops, shop, shop, shop, shop,
          enter_bailey_2
D:8:      layout_basic, marbit_many_paths, gammafunk_ghost_icy,
          roderic_lattice_a, uniq_erica
D:9:      layout_basic, ebering_ghost_xom, serial_shops, shop, uniq_pikel,
          uniq_maggie
Temple:   nicolae_temple_hex_pool

Skill      XL: |  1  2  3  4  5  6  7  8  9 10 |
---------------+-------------------------------+-----
Fighting       | 4 5 6 |  6.3
Unarmed Combat | 4 5 6 |  6.1
Armour         | 1 3 4 6 7 8 |  8.2
Short Blades   | 1 2 3 5 6 |  6.2
Throwing       | 1 2 3 4 5 |  5.3
Dodging        | 4 |  4.3
Stealth        | 2 |  2.0
Invocations    | 1 2 3 4 |  4.4
Evocations     | 1 3 4 5 |  5.0
Axes           | 2 7 10 | 10.0

Action                   |  1- 3 |  4- 6 |  7- 9 | 10-12 || total
-------------------------+-------+-------+-------+-------++-------
Melee: Unarmed           |    53 |       |       |       ||    53
       Headbutt          |    10 |    24 |    48 |    20 ||   102
       Short sword       |    26 |   100 |    93 |       ||   219
       Punch             |       |     2 |     3 |     6 ||    11
       Broad axe         |       |       |   124 |   109 ||   233
Throw: Dart              |     2 |     8 |    24 |     6 ||    40
Evoke: Wand              |       |       |     6 |     2 ||     8
  Use: Scroll            |       |     1 |    18 |     1 ||    20
       Potion            |       |       |     6 |     1 ||     7
 Stab: Sleeping          |     2 |       |       |       ||     2
Armor: Robe              |    10 |       |       |       ||    10
       Ring mail         |     7 |    13 |       |       ||    20
       Plate armour      |       |    52 |   158 |    66 ||   276
Dodge: Dodged            |    61 |    62 |    97 |    62 ||   282
Block: Other             |       |       |    19 |    26 ||    45
       Reflection        |       |       |     6 |     6 ||    12

Table legend: (Time is in decaauts)
 A = Elapsed time spent in this place.
 B = Non-inter-level travel time spent in this place.
 C = Inter-level travel time spent in this place.
 D = Time resting spent in this place.
 E = Time spent auto-exploring this place.
 F = Levels seen in this place.
 G = Mean time per level.
                   A        B        C        D        E       F      G
               +--------+--------+--------+--------+--------+-----+--------+
         Total |   9388 |   9228 |    160 |      0 |   7354 |  12 |  782.3 |
       Dungeon |   7911 |   7751 |    160 |      0 |   6143 |   9 |  879.0 |
        Temple |     94 |     94 |      0 |      0 |     76 |   1 |   94.0 |
         Abyss |     19 |     19 |      0 |      0 |      0 |   1 |   19.0 |
        Bailey |   1362 |   1362 |      0 |      0 |   1134 |   1 | 1362.0 |
               +--------+--------+--------+--------+--------+-----+--------+

Top non-repeatable levels by time:
     D:7: 1588 daAuts
     D:8: 1504 daAuts
  Bailey: 1362 daAuts
     D:6: 975 daAuts
     D:1: 926 daAuts
     D:2: 924 daAuts
     D:4: 737 daAuts
     D:3: 657 daAuts
     D:5: 479 daAuts
     D:9: 118 daAuts
  Temple: 94 daAuts
 Abyss:2: 19 daAuts
